 Dungeon Sprint DCSS version 0.17-a0-1663-gb806841 (webtiles) character file.

2648 Kidiri the Unseen (level 9, -1/36 (39) HPs)
             Began as a Spriggan Enchanter on Aug 16, 2015.
             Succumbed to a death drake's dark miasma
             ... in the Dungeon (Sprint II: "The Violet Keep of Menkaure").
             The game lasted 00:05:45 (1070 turns).

Kidiri the Unseen (Spriggan Enchanter)              Turns: 1070, Time: 00:05:46

HP:   -1/36 (39)    AC:  5    Str:  4    XL:     9   Next: 36%
MP:   24/26         EV: 31    Int: 18    God:
Gold: 654           SH:  0    Dex: 18    Spells: 5 memorised, 20 levels left

rFire  . . .     SeeInvis +     a - +4 dagger
rCold  . . .     Clarity  .     b - +2 robe
rNeg   . . .     SustAt   .     (shield restricted)
rPois  .         Gourm    .     (helmet restricted)
rElec  .         Spirit   .     k - +0 cloak
rCorr  .         Warding  .     (gloves unavailable)
rMut   .         NoTele   +     (boots unavailable)
MR     +....                    (no amulet)
Stlth  +++++++...               (no ring)
                                (no ring)

@: lethally poisoned (-1 -> -98), non-regenerating, badly diseased, slowed,
quick, somewhat resistant to hostile enchantments, extremely stealthy
A: unfitting armour, see invisible, herbivore 3, speed 3, slow metabolism 2
a: no special abilities


You were in the Dungeon.
You were not hungry.

You visited 1 branch You collected 1146 gold pieces.
You spent 492 gold pieces at shops.

Inventory:

Hand weapons
 a - a +4 dagger (weapon)
Armour
 b - a +2 robe (worn)
 k - a +0 cloak (worn)
Scrolls
 e - a scroll of identify
 j - a scroll of blinking
Potions
 f - a potion of heal wounds
 g - a potion of haste
 h - a potion of magic
 i - a potion of berserk rage
Books
 c - a book of Maledictions

   Spells                             Type                      Level
   a - Corona                         Hexes                        1
   b - Ensorcelled Hibernation        Hexes/Ice                    2
   c - Confuse                        Hexes                        3
   d - Tukima's Dance                 Hexes                        3
   e - Dazzling Spray                 Conjuration/Hexes            3
Comestibles
 d - a bread ration


   Skills:
 + Level 7.9 Short Blades
 * Level 14.1 Dodging
 * Level 15.4 Stealth
 * Level 12.2 Spellcasting
 + Level 4.2 Conjurations
 + Level 9.2 Hexes
 + Level 4.5 Ice Magic


You had 20 spell levels left.
You knew the following spells:

 Your Spells              Type           Power        Failure   Level  Hunger
a - Corona                Hex            #####..      1%          1    None
b - Ensorcelled Hibernat  Hex/Ice        #####.       1%          2    None
c - Confuse               Hex            #####...     1%          3    None
d - Tukima's Dance        Hex            #####...     1%          3    None
e - Dazzling Spray        Conj/Hex       #####...     1%          3    None


Dungeon Overview and Level Annotations

Branches:
Dungeon (1/1)

Altars:
Cheibriados
Dithmenos
Elyvilon
Fedhas
Gozag
Kikubaaqudgha
Makhleb
Nemelex Xobeh
Okawaru
Qazlal
Ru
Sif Muna
Trog
Vehumet
Xom
Zin
The Shining One
Beogh
Jiyva
Lugonu

Shops:
D %}:=?![!(%=*[:[*

Annotations:
D exclusions: ice statue and oklob plant, Kirke


Innate Abilities, Weirdness & Mutations

You are tiny and cannot use many weapons and most armour.
You have supernaturally acute eyesight.
You are a herbivore.
You cover ground extremely quickly.
You need consume almost no food.


Message History

The foul vapour misses you. The death drake misses you.
The swamp drake is engulfed in dark miasma.
The swamp drake seems to slow down.
Unknown command.
You miss the death drake.
The death drake is lightly wounded.
You are engulfed in dark miasma.
You are more poisoned.
You feel as though you will be slow longer.
* * * LOW HITPOINT WARNING * * *
You feel very sick. The death drake closely misses you.
The death drake misses you.
You closely miss the death drake.
The death drake is lightly wounded.
You are engulfed in dark miasma.
You are more poisoned.
You feel your flesh rotting away!
You feel ill.
* * * LOW HITPOINT WARNING * * *
You feel less confused.
You die...

§§≈§§##⌠,,,,*+***,,,*,,,*,**,,**,
§§≈§≈≈##,,,,*,,***+****,*,*,,,**,
§8≈§§§§#*++**,,,+,,,*,,,*,,,,,***
≈≈§§§≈**≈,..##*,*,,,*************
§≈§§≈**,≈,,...##*,,,*≈≈≈≈≈≈≈≈***,
+#+++##***,...#k##,,************+
......#,,+,,..#8k#,,*,,,,,,,,**,,
#+##..#,,***#.#kk#,,*,,,,,,,,**,⌠
##.##.####,,+.##@#,,*,,,,,,,,**,,
.##.#....#,,#...####*,,,,,,,,**,,
...####..#####..##)#*,,,,,,,,**,,
#'###.##..#..+^.#%%#*,,,,,,,,**,,
#.####.#..#).#.^#%%#*,,,,,,,,**,⌠
.<.'.##+..####.^##.#*,,[,,,,,**,,
#.##...#....###...##▓▓▓▓***+****+
#'###.##......≈≈≈≈≈≈≈≈≈≈≈≈≈,,,≈≈≈
...####≈≈§§...≈#+########+***,≈≈≈


You could see 2 death drakes, a crystal guardian and 2 swamp drakes.

Vanquished Creatures
  A great orb of eyes (D)
  A siren (D)
  A yaktaur (D)
  3 polar bears (D)
  A blink frog (D)
  A wasp (D)
  A crocodile (D)
  4 brain worms (D)
  4 worker ants (D)
  3 worms (D)
20 creatures vanquished.

Vanquished Creatures (others)
  Menkaure (D)
  A crocodile (D)
2 creatures vanquished.

Grand Total: 22 creatures vanquished

Notes
Turn   | Place    | Note
--------------------------------------------------------------
     0 | D        | Kidiri the Spriggan Enchanter began the quest for the Orb.
     0 | D        | Reached XP level 1. HP: 9/9 MP: 5/5
     1 | D        | Noticed a brain worm
     1 | D        | Noticed a brain worm
     1 | D        | Noticed a brain worm
     1 | D        | Noticed a brain worm
     4 | D        | Noticed a worker ant
     4 | D        | Noticed a worker ant
     7 | D        | Noticed a siren
    29 | D        | Killed a brain worm
    29 | D        | Reached skill level 6 in Dodging
    29 | D        | Reached skill level 7 in Stealth
    29 | D        | Reached skill level 5 in Spellcasting
    29 | D        | Reached XP level 2. HP: 10/13 MP: 5/9
    29 | D        | Reached XP level 3. HP: 12/16 MP: 6/11
    29 | D        | Reached XP level 4. HP: 15/21 MP: 6/12
    32 | D        | Killed Menkaure
    46 | D        | Killed a brain worm
    46 | D        | Reached skill level 9 in Stealth
    46 | D        | Reached skill level 5 in Hexes
    46 | D        | Reached XP level 5. HP: 3/24 MP: 8/15
    49 | D        | Killed a crocodile
    51 | D        | Killed a brain worm
    51 | D        | Reached skill level 10 in Stealth
    65 | D        | Killed a brain worm
    65 | D        | Reached XP level 6. HP: 2/28 MP: 12/18
    74 | D        | Learned a level 2 spell: Ensorcelled Hibernation
    78 | D        | Learned a level 3 spell: Confuse
    82 | D        | Learned a level 3 spell: Tukima's Dance
    86 | D        | Learned a level 3 spell: Dazzling Spray
   391 | D        | Noticed a worker ant
   391 | D        | Noticed a worker ant
   396 | D        | Killed a worker ant
   412 | D        | Killed a worker ant
   412 | D        | Reached skill level 11 in Stealth
   422 | D        | Killed a worker ant
   422 | D        | Reached skill level 5 in Short Blades
   422 | D        | Reached skill level 10 in Dodging
   422 | D        | Reached skill level 1 in Conjurations
   422 | D        | Reached skill level 1 in Ice Magic
   734 | D        | Killed a worker ant
   750 | D        | Killed a siren
   750 | D        | Reached skill level 12 in Stealth
   750 | D        | Reached XP level 7. HP: 32/32 MP: 19/21
   786 | D        | Noticed an ice statue
   788 | D        | Noticed a crocodile
   790 | D        | Killed a crocodile
   790 | D        | Reached skill level 10 in Spellcasting
   791 | D        | Found Gakk's Antique Armour Boutique.
   791 | D        | Noticed Kirke
   791 | D        | Noticed a kobold demonologist
   791 | D        | Noticed a skeletal warrior
   812 | D        | Noticed an orange crystal statue
   817 | D        | Found Laxia's Assorted Antiques.
   819 | D        | Found Taliujea's Book Boutique.
   821 | D        | Found Siral's Assorted Antiques.
   821 | D        | Found Poirez Kutse's Armour Shop.
   823 | D        | Found Laune's Food Boutique.
   823 | D        | Found Etibohae's Jewellery Boutique.
   824 | D        | Found Fytoj's Distillery.
   825 | D        | Noticed a blink frog
   827 | D        | Killed a blink frog
   827 | D        | Reached skill level 13 in Stealth
   832 | D        | Found Zaih Gao's Antique Weapon Shop.
   833 | D        | Found Maopoav's Antique Armour Shop.
   833 | D        | Found Tilagom's Distillery.
   834 | D        | Noticed a soldier ant
   837 | D        | Found Toihuep's Magic Scroll Shop.
   837 | D        | Found Qile's Jewellery Boutique.
   837 | D        | Noticed a soldier ant
   837 | D        | Noticed a soldier ant
   837 | D        | Noticed an oklob plant
   838 | D        | Found Ynigexu's Gadget Shop.
   838 | D        | Found Poyteume's Food Boutique.
   838 | D        | Found Ozuattam's Book Shoppe.
   839 | D        | Noticed a hippogriff
   839 | D        | Noticed a hippogriff
   865 | D        | Bought a scroll of enchant weapon for 90 gold pieces
   865 | D        | Bought a scroll of enchant weapon for 90 gold pieces
   865 | D        | Bought a scroll of enchant weapon for 90 gold pieces
   865 | D        | Bought a scroll of enchant armour for 90 gold pieces
   865 | D        | Bought a scroll of magic mapping for 42 gold pieces
   865 | D        | Bought a scroll of random uselessness for 12 gold pieces
   869 | D        | Noticed a hippogriff
   871 | D        | Bought a scroll of identify for 24 gold pieces
   871 | D        | Noticed an electric eel
   882 | D        | Bought a +0 cloak for 54 gold pieces
   923 | D        | Found a bloodstained altar of Trog.
   923 | D        | Found a glowing silver altar of Zin.
   924 | D        | Found a blossoming altar of Fedhas.
   924 | D        | Found a stormy altar of Qazlal.
   925 | D        | Found a deep blue altar of Sif Muna.
   925 | D        | Found an opulent altar of Gozag.
   925 | D        | Found a roughly hewn altar of Beogh.
   926 | D        | Found a shadowy altar of Dithmenos.
   926 | D        | Found an ancient bone altar of Kikubaaqudgha.
   926 | D        | Found a sparkling altar of Nemelex Xobeh.
   927 | D        | Found a sacrificial altar of Ru.
   927 | D        | Found a snail-covered altar of Cheibriados.
   927 | D        | Found a glowing golden altar of the Shining One.
   928 | D        | Found a white marble altar of Elyvilon.
   928 | D        | Found a viscous altar of Jiyva.
   928 | D        | Found a radiant altar of Vehumet.
   929 | D        | Found a burning altar of Makhleb.
   929 | D        | Found a corrupted altar of Lugonu.
   930 | D        | Found an iron altar of Okawaru.
   930 | D        | Found a shimmering altar of Xom.
   930 | D        | Noticed a polar bear
   931 | D        | Noticed a yaktaur
   931 | D        | Noticed a wasp
   932 | D        | Noticed a polar bear
   932 | D        | Noticed a polar bear
   933 | D        | Killed a polar bear
   933 | D        | Reached XP level 8. HP: 36/36 MP: 21/23
   934 | D        | Killed a polar bear
   936 | D        | Killed a polar bear
   936 | D        | Reached skill level 14 in Stealth
   937 | D        | Killed a wasp
   942 | D        | Killed a yaktaur
  1048 | D        | Noticed a great orb of eyes
  1050 | D        | Killed a great orb of eyes
  1050 | D        | Reached skill level 15 in Stealth
  1050 | D        | Reached XP level 9. HP: 39/39 MP: 24/26
  1060 | D        | Noticed a swamp drake
  1061 | D        | Noticed a death drake
  1062 | D        | Noticed a death drake
  1062 | D        | Noticed a crystal guardian
  1062 | D        | Noticed a swamp drake
  1070 | D        | Succumbed to a death drake's dark miasma

Vault maps used:
D:        the_violet_keep_of_menkaure

Action                   |  1- 3 |  4- 6 |  7- 9 || total
-------------------------+-------+-------+-------++-------
Melee: Dagger            |    14 |    51 |    14 ||    79
 Cast: Ensorcelled Hiber |       |    12 |     3 ||    15
       Confuse           |       |     1 |       ||     1
       Dazzling Spray    |       |       |     1 ||     1
  Use: Potion            |       |     2 |       ||     2
       Scroll            |       |       |     5 ||     5
 Stab: Sleeping          |     1 |     7 |     9 ||    17
